 Dungeon Crawl Stone Soup version 0.19-a0-1091-g463c9de (webtiles) character file.

13261 4thArraOfDagon the Brawler (level 11, 0/97 HPs)
             Began as a Troll Arcane Marksman on Aug 7, 2016.
             Was a High Priest of Dithmenos.
             Slain by an orc warrior
             ... wielding a +0 war axe
             ... led by an orc knight
              (16 damage)
             ... on level 2 of the Orcish Mines.
             The game lasted 00:32:10 (4941 turns).

4thArraOfDagon the Brawler (Troll Arcane Marksman)  Turns: 4941, Time: 00:32:10

Health: 0/97       AC:  7    Str: 23 (24) XL:     11   Next: 73%
Magic:  14/15      EV:  9    Int: 10 (11) God:    Dithmenos [*****.]
Gold:   703        SH:  0    Dex:  7 (12) Spells: 2 memorised, 11 levels left

rFire  . . .     SeeInvis .       - Unarmed
rCold  . . .     Gourm    +     y - troll hide
rNeg   . . .     Faith    .     (no shield)
rPois  .         Spirit   .     (helmet restricted)
rElec  +         Dismiss  .     (no cloak)
rCorr  .         Reflect  .     (gloves unavailable)
SustAt .         Harm     .     (boots unavailable)
MR     .....     Clarity  +     (no amulet)
Stlth  +.........               (no ring)
                                C - ring of Baneqib {+Blink rElec Str+3 Dex+2}

@: wreathed by umbra
A: unfitting armour, beak, claws 3, thin metallic scales 1, clarity,
deterioration 2, fast metabolism 3, gourmand, regeneration 2, shaggy fur 1,
tough skin 2, disrupted magic 1, MP-powered wands
a: Shadow Step, Shadow Form, Renounce Religion, Evoke Blink


You were on level 2 of the Orcish Mines.
You worshipped Dithmenos.
Dithmenos was extremely pleased with you.
You were very full.

You visited 3 branches of the dungeon, and saw 15 of its levels.

You collected 773 gold pieces.
You spent 70 gold pieces at shops.

Inventory:

Hand Weapons
 B - a +0 giant spiked club
Missiles
 c - a large rock (quivered)
Armour
 a - a +0 robe
 g - a +0 fire dragon armour
 y - a troll hide (worn)
 D - a +0 robe of cold resistance
Jewellery
 C - the ring of Baneqib (left claw) {+Blink rElec Str+3 Dex+2}
   (You found it on level 9 of the Dungeon)

   [ring of dexterity]

   It affects your strength (+3).
   It affects your dexterity (+2).
   It insulates you from electricity.
   It lets you blink.
Wands
 h - a wand of slowing (14/48)
 k - a wand of flame (7/48)
 r - a wand of lightning (10/15)
 s - a wand of disintegration (10/24)
 t - a wand of confusion (9/48)
 x - a wand of acid (9/15)
 z - a wand of slowing (29/48)
Scrolls
 n - a scroll of enchant weapon
 u - a scroll of teleportation
 v - 4 scrolls of remove curse
Potions
 e - 3 potions of curing
 i - a potion of brilliance
 p - a potion of resistance
Books
 b - a book of Debilitation

   Spells                             Type                      Level
   a - Corona                         Hexes                        1
   b - Slow                           Hexes                        2
   c - Gell's Gravitas                Hexes/Translocation          3
   d - Inner Flame                    Hexes/Fire                   3
   e - Cause Fear                     Hexes                        4
   f - Leda's Liquefaction            Hexes/Earth                  4
Comestibles
 f - 3 bread rations
 E - a beef jerky
 F - a meat ration


   Skills:
 - Level 3.2 Fighting
 - Level 1.7 Throwing
 - Level 1.5 Dodging
 - Level 15.3 Unarmed Combat
 + Level 3.4 Spellcasting
 - Level 2.0 Hexes
 * Level 6.7 Earth Magic


You had 11 spell levels left.
You knew the following spells:

 Your Spells              Type           Power        Failure   Level  Hunger
a - Corona                Hex            #......      24%         1    #......
b - Leda's Liquefaction   Hex/Erth       ##........   67%         4    #####..


Dungeon Overview and Level Annotations

Branches:
Dungeon (12/15)            Temple (1/1) D:5            Lair (0/6) D:10
    Orc (2/2) D:9             Elf (0/3) Orc:2

Altars:
Dithmenos
Hepliaklqana
Okawaru
Ru
Uskayaw
Vehumet
Xom

Shops:
D:6 :   D:7 *   D:10 [

Annotations:
D:10 exclusion: 2 downstairs
D:11 exclusion: downstairs


Innate Abilities, Weirdness & Mutations

You are too large for most types of armour.
You have claws for hands.
Your metabolism is lightning-fast.
You like to eat raw meat.
You heal very quickly.
You are covered in fur. (AC +1)
You have very tough skin. (AC +2)
Your casting is slightly disrupted.
You have a beak for a mouth.
You are partially covered in thin metallic scales. (AC +2)
You possess an exceptional clarity of mind.
Your body often deteriorates upon taking damage.
You expend magic power (3 MP) to strengthen your wands.


Message History

You peck the orc knight, but do no damage.
The orc knight is almost dead.
The orc knight hits you with a great sword!
* * * LOW HITPOINT WARNING * * *
Your body deteriorates!
You feel dopey.
Unknown command.
Unknown command.
You feel much better.
The orc knight hits you with a great sword!!
* * * LOW HITPOINT WARNING * * *
Your body deteriorates!
You feel weakened.
Unknown command.
You mangle the orc knight!!
You kill the orc knight!
Dithmenos accepts your kill.
You feel your intelligence returning.
Unknown command.
You feel better.
The orc warrior hits you with a war axe!
You die...

###### ## ### ##.##^##
##.####@## #......#
#....###o# ##.#...#
#....#[####.#.#.#####
#......##........#.##
##..#.[#.............#
#.....T.....#.###.#.##
###......#.#.#..##...#.##
##.##..oo#.###.......#...#
#...........###...........


You could see an orc warrior.

Vanquished Creatures
  4 hill giants (D:11)
  An orc sorcerer (Orc:2)
  2 orc knights (Orc:2)
  An ugly thing (D:11)
  A centaur skeleton (D:11)
  7 trolls
  A two-headed ogre (Orc:1)
  Eustachio (D:5)
  3 wyverns
  4 yaks (D:12)
  2 hippogriffs
  2 wargs (Orc:2)
  3 ice beasts
  2 necrophages
  14 orc warriors
  2 sky beasts (D:11)
  8 ogres
  2 phantoms
  5 centaurs
  A gnoll sergeant (D:5)
  5 giant frogs
  A water moccasin zombie (D:11)
  3 scorpions
  7 wights
  2 howler monkeys
  2 crimson imps
  2 giant frog zombies (D:12)
  A jelly (D:10)
  4 gnoll shamans (D:5)
  3 hounds
  6 orc priests
  2 iguanas
  4 giant frog skeletons
  20 orc wizards
  6 worker ants
  3 hound zombies
  2 hound skeletons
  A howler monkey zombie (D:7)
  3 worker ant zombies
  7 adders
  37 gnolls
  2 shadow imps
  An adder zombie (D:6)
  A worm (D:4)
  2 giant geckos
  72 orcs
  A giant cockroach (D:6)
  2 goblins
  A hobgoblin (D:3)
  8 jackals
  A kobold (D:3)
  A giant newt (D:6)
  2 rats (D:2)
281 creatures vanquished.

Notes
Turn   | Place    | Note
-------+----------+-------------------------------------------
     0 | D:1      | 4thArraOfDagon the Troll Arcane Marksman began the quest for the Orb.
     0 | D:1      | Reached XP level 1. HP: 18/18 MP: 1/1
    48 | D:2      | Reached skill level 1 in Unarmed Combat
    81 | D:3      | Found a sacrificial altar of Ru.
    87 | D:3      | Became a worshipper of Ru the Awakened
   102 | D:3      | Reached XP level 2. HP: 6/26 MP: 2/2
   190 | D:4      | Reached skill level 2 in Unarmed Combat
   267 | D:4      | Reached XP level 3. HP: 26/32 MP: 3/3
   285 | D:5      | Entered Level 5 of the Dungeon
   297 | D:5      | Reached skill level 3 in Unarmed Combat
   301 | D:5      | Noticed a centaur
   307 | D:5      | Reached XP level 4. HP: 34/40 MP: 4/4
   311 | D:5      | Reached skill level 4 in Unarmed Combat
   316 | D:5      | Noticed a wyvern
   319 | D:5      | Noticed a centaur
   326 | D:5      | Noticed a centaur
   342 | D:5      | Reached XP level 5. HP: 33/46 MP: 5/5
   346 | D:5      | Killed a wyvern
   346 | D:5      | Reached skill level 6 in Unarmed Combat
   346 | D:5      | Reached XP level 6. HP: 6/54 MP: 6/6
   353 | D:5      | Reached skill level 7 in Unarmed Combat
   359 | D:5      | Reached XP level 7. HP: 8/61 MP: 7/7
   362 | D:5      | pulled off
   457 | D:5      | Reached skill level 8 in Unarmed Combat
   646 | D:6      | Gained mutation: Your casting is slightly disrupted. [Ru sacrifice]
   685 | D:6      | Found Boitwut's Book Shoppe.
   702 | D:6      | Reached skill level 9 in Unarmed Combat
   768 | D:7      | Reached XP level 8. HP: 67/68 MP: 8/8
   899 | D:5      | Found a staircase to the Ecumenical Temple.
   972 | Temple   | Entered the Ecumenical Temple
   990 | Temple   | hmmm
   990 | Temple   | HMMMMM
   997 | Temple   | Fell from the grace of Ru
   997 | Temple   | Became a worshipper of Dithmenos the Shadowed
   998 | Temple   | ok
  1045 | D:5      | Reached skill level 1 in Fighting
  1059 | D:5      | Reached skill level 10 in Unarmed Combat
  1081 | D:5      | Noticed Eustachio
  1125 | D:5      | Killed Eustachio
  1252 | D:5      | Reached * piety under Dithmenos
  1380 | D:5      | Reached skill level 11 in Unarmed Combat
  1518 | D:6      | Reached XP level 9. HP: 80/80 MP: 9/9
  1665 | D:7      | Found Myvofac's Assorted Antiques.
  1674 | D:7      | Bought a scroll labeled BACKEW QUPNUO for 35 gold pieces
  1674 | D:7      | Bought a scroll labeled BACKEW QUPNUO for 35 gold pieces
  1799 | D:8      | Reached ** piety under Dithmenos
  2023 | D:9      | Found a radiant altar of Vehumet.
  2102 | D:9      | Reached skill level 12 in Unarmed Combat
  2124 | D:9      | Found a staircase to the Orcish Mines.
  2163 | D:9      | Reached *** piety under Dithmenos
  2233 | Orc:1    | Entered Level 1 of the Orcish Mines
  2233 | Orc:1    | Noticed a troll
  2248 | D:9      | Killed a troll
  2481 | Orc:2    | Entered Level 2 of the Orcish Mines
  2481 | Orc:2    | Noticed an orc knight
  2481 | Orc:2    | Noticed a troll
  2489 | Orc:1    | Killed a troll
  2489 | Orc:1    | Reached skill level 13 in Unarmed Combat
  2578 | D:10     | Entered Level 10 of the Dungeon
  2630 | D:10     | Found Sisatip's Armour Emporium.
  2747 | D:10     | Reached XP level 10. HP: 91/91 MP: 10/10
  2777 | D:11     | Noticed a hill giant
  2786 | D:11     | Killed a hill giant
  2961 | D:11     | Noticed a four-headed hydra
  3047 | D:10     | Reached skill level 14 in Unarmed Combat
  3155 | D:9      | Got a heavily runed iron ring
  3156 | D:9      | Identified the ring of Baneqib {+Blink rElec Str+3 Dex+2} (You found it on level 9 of the Dungeon)
  3213 | D:10     | Found a staircase to the Lair.
  3351 | D:11     | Reached **** piety under Dithmenos
  3456 | D:11     | Noticed a hill giant
  3464 | D:11     | Killed a hill giant
  3464 | D:11     | Reached skill level 15 in Unarmed Combat
  3505 | D:11     | Gained mutation: You are partially covered in thin metallic scales. (AC +2) [mutagenic meat]
  3508 | D:11     | Gained mutation: You expend magic power (3 MP) to strengthen your wands. [mutagenic meat]
  3511 | D:11     | Gained mutation: Armour fits poorly on your strangely shaped body. [mutagenic meat]
  3514 | D:11     | Gained mutation: You possess an exceptional clarity of mind. [mutagenic meat]
  3517 | D:11     | Gained mutation: You have a beak for a mouth. [mutagenic meat]
  3520 | D:11     | Gained mutation: Your body sometimes deteriorates upon taking damage. [mutagenic meat]
  3529 | D:11     | Gained mutation: Your body often deteriorates upon taking damage. [mutagenic meat]
  3532 | D:11     | Lost mutation: Armour fits poorly on your strangely shaped body. [mutagenic meat]
  3613 | D:11     | Learned a level 4 spell: Leda's Liquefaction
  3723 | D:11     | Noticed a hill giant
  3725 | D:11     | Noticed a hill giant
  3728 | D:11     | Killed a hill giant
  3728 | D:11     | Reached skill level 1 in Earth Magic
  3728 | D:11     | Reached XP level 11. HP: 97/97 MP: 11/11
  3736 | D:11     | Killed a hill giant
  3787 | D:12     | Noticed a skeletal warrior
  3787 | D:12     | Noticed a skeletal warrior
  3814 | D:12     | Noticed a skeletal warrior
  3840 | D:11     | Noticed a white ugly thing
  3848 | D:11     | Killed a white ugly thing
  4064 | D:12     | Noticed a hill giant
  4069 | D:12     | Noticed a skeletal warrior
  4076 | D:12     | Noticed a skeletal warrior
  4426 | Orc:2    | Found a staircase to the Elven Halls.
  4426 | Orc:2    | Noticed an ettin
  4479 | Orc:2    | 4thArraOfDagon: dropping packets
  4526 | Orc:2    | Killed an orc knight
  4526 | Orc:2    | Reached skill level 5 in Earth Magic
  4544 | Orc:2    | Reached ***** piety under Dithmenos
  4786 | Orc:2    | Noticed an orc sorcerer
  4828 | Orc:2    | Paralysed by an orc sorcerer for 5 turns
  4842 | Orc:2    | Killed an orc sorcerer
  4888 | Orc:2    | Noticed an orc knight
  4939 | Orc:2    | HP: 3/97 [orc knight/great sword (30)]
  4940 | Orc:2    | Killed an orc knight
  4941 | Orc:2    | Slain by an orc warrior

Vault maps used:
D:1:      minmay_arrival_plants_in_alcoves, minmay_octomino_c4
D:2:      ecumenical_altar_2, first_bread, minmay_misc_feat_more_columns,
          moated_statue
D:3:      nicolae_overflow_crystal_walls
D:4:      kennysheep_mini_moat, hangedman_glass_teeth
D:5:      lemuel_castle_with_subvaults, lemuel_round_altar, uniq_eustachio
D:6:      serial_shops, shop
D:7:      serial_shops, nicolae_shop_temple_entry_statues_fountains,
          minivault_10, kennysheep_generic_room_4
D:8:      minmay_cornered_nines, nicolae_tso_besieged_by_evil
D:9:      vehumet_altar_wand_db, nicolae_overflow_hidden_temple,
          hiddenorc2_lemuel, grunt_ogre_cave, grunt_pakellas_mercury
D:10:     david_lair_shrubbed, serial_shops, shop
D:12:     nicolae_ru_the_path_less_chosen, uniq_josephine
Temple:   eino_temple_scatter_basement
Orc:2:    kennysheep_orc_mage_school

Skill      XL: |  1  2  3  4  5  6  7  8  9 10 11 |
---------------+----------------------------------+-----
Unarmed Combat | 1 2 3 4 6 7 9 11 13 15 | 15.3
Fighting       | 2 3 |  3.2
Earth Magic    | 1 6 |  6.7
Spellcasting   | 3 |  3.4
Throwing       | |  1.7
Dodging        | |  1.5
Hexes          | |  2.0

Action                   |  1- 3 |  4- 6 |  7- 9 | 10-12 || total
-------------------------+-------+-------+-------+-------++-------
Melee: Unarmed           |    55 |    37 |   463 |   329 ||   884
       Punch             |       |     1 |    22 |    22 ||    45
       Peck              |       |       |       |    46 ||    46
Throw: Throwing net      |       |     2 |     1 |     3 ||     6
       Large rock        |       |     1 |       |    14 ||    15
Invok: Sacrifice Essence |       |       |     1 |       ||     1
Evoke: Wand              |       |       |       |    13 ||    13
  Use: Potion            |       |     1 |       |     5 ||     6
       Scroll            |       |       |     9 |    10 ||    19
 Stab: Held in net/web   |       |     1 |     1 |     1 ||     3
       Confused          |       |       |       |     1 ||     1
  Eat: Chunk             |     7 |       |    22 |    30 ||    59
Armor: Robe              |    14 |       |       |       ||    14
       Fire dragon armou |     4 |    20 |   216 |    45 ||   285
       Troll hide        |       |       |       |    26 ||    26
Dodge: Dodged            |    25 |    14 |   161 |   102 ||   302
